 Dungeon Crawl Stone Soup version 0.30.0-29-ga12c61a403 (webtiles) character file.

Game seed: 408553006040954935

26411 qw the Cleaver (level 13, -7/82 HPs)
             Began as a Gargoyle Fighter on June 4, 2023.
             Was an Elder of Okawaru.
             Killed from afar by a hell hound (8 damage)
             ... with a blast of flame
             ... on level 5 of the Lair of Beasts.
             The game lasted 00:07:25 (15268 turns).

qw the Cleaver (Gargoyle Fighter)                  Turns: 15268, Time: 00:07:25

Health: -7/82      AC: 30    Str: 24    XL:     13   Next: 25%
Magic:  18/20      EV: 15    Int: 12    God:    Okawaru [****..]
Gold:   594        SH: 13    Dex: 14    Spells: 12/12 levels left

rFire   . . .        b - +8 war axe "Tioxkad" {vamp, *Slow rElec Int+2 Stlth+}
rCold   + . .        s - +0 kite shield
rNeg    + . .        t - +0 plate armour
rPois   inf          (no helmet)
rElec   +            r - scarf of the Monkey's Uncle {+Inv, rC+ Will+ Dex+5 Slay+2}
rCorr   .            i - +2 pair of gloves
SInv    +            k - +0 pair of boots
Will    +....        n - amulet of faith Stlth
                     l - +5 ring of evasion
HPRegen 0.33/turn    o - ring of see invisible
MPRegen 0.17/turn

%: random rage (3%), slow self (1%), faith
@: about to teleport, heroic
A: sickness immunity, AC +9, negative energy resistance 1, electricity
resistance, torment resistance 1, petrification resistance, berserk 1, no potion
heal 2
a: Renounce Religion, Evoke Invisibility, Heroism, Finesse


You were on level 5 of the Lair of Beasts.
You worshipped Okawaru.
Okawaru was greatly pleased with you.
You visited 3 branches of the dungeon, and saw 14 of its levels.
You also visited: Sewer.

You collected 756 gold pieces.
You spent 162 gold pieces at shops.


Innate Abilities, Weirdness & Mutations

You are immune to sickness and miasma.
Your stone body is resilient. (AC +9)
You are immune to poison.
You resist negative energy. (rN+)
You are resistant to electric shocks. (rElec)
You are resistant to unholy torment.
You are immune to petrification.
You sometimes lose your temper in combat.
Potions cannot restore your health.


   Skills:
 - Level 10.0(15.0) Fighting
 - Level 12.8(17.8) Axes
 - Level 1.2(6.2) Throwing
 + Level 7.9(12.9) Armour
 - Level 3.1(8.1) Dodging
 - Level 10.8(15.8) Shields
 - Level 10.0 Invocations


You had 12 spell levels left.
You didn't know any spells.
Your spell library was empty.

Inventory:

Hand Weapons
 b - the +8 war axe "Tioxkad" (weapon) {vamp, *Slow rElec Int+2 Stlth+}
   (You acquired it on level 4 of the Lair of Beasts)

   Int:       It affects your intelligence (+2).
   rElec:     It insulates you from electricity.
   *Slow:     It may slow you when you take damage.
   Stlth:     It makes you more stealthy.
 h - a +0 morningstar
Missiles
 u - 5 boomerangs (quivered)
Armour
 c - +0 acid dragon scales
 i - a +2 pair of gloves (worn)
 k - a +0 pair of boots (worn)
 r - the scarf of the Monkey's Uncle (worn) {+Inv, rC+ Will+ Dex+5 Slay+2}
   (Okawaru gifted it to you on level 3 of the Lair of Beasts)

   Dex:       It affects your dexterity (+5).
   Slay:      It affects your accuracy & damage with ranged weapons and melee
   (+2).
   rC:        It protects you from cold.
   Will:      It increases your willpower.
 s - a +0 kite shield (worn)
 t - a +0 plate armour (worn)
Jewellery
 l - a +5 ring of evasion (left hand)
 n - an amulet of faith (around neck)
 o - a ring of see invisible (right hand)
 q - a ring of protection from fire
 v - a ring of protection from fire
 w - a +6 ring of dexterity
Scrolls
 a - 3 scrolls of identify
 f - 7 scrolls of teleportation
Potions
 d - a potion of might
 e - 4 potions of curing
 j - 4 potions of lignification
 m - a potion of heal wounds

Dungeon Overview and Level Annotations

Branches:
Dungeon (8/15)             Temple (1/1) D:5            Lair (5/5) D:8
  Swamp (0/4) Lair:3       Spider (0/4) Lair:3        Sewer (visited)
  Slime: Lair:4-5

Altars:
Ashenzari
Cheibriados
Dithmenos
Elyvilon
Fedhas
Gozag
Hepliaklqana
Kikubaaqudgha
Makhleb
Nemelex Xobeh
Okawaru
Qazlal
Ru
Sif Muna
Trog
Uskayaw
Vehumet
Wu Jian
Xom
Yredelemnul
Zin
The Shining One

Shops:
D:5 [   D:8 =*:

Annotations:
D:6 1 runed translucent door, qw's ghost, novice GrFi
Lair:1 3 runed translucent doors, Kuidesed's ghost, journeyman DrCj


Message History

The black mamba bites you but does no damage.
You block the hell hound's attack. The black mamba closely misses you.
You block the hell hound's attack. The hell hound barely misses you.
The lava snake spits lava at you. You block the glob of lava.
A hell hound comes into view.
You barely miss the hell hound.
The hell hound is almost dead.
You hit the hell hound but do no damage.
You completely miss the black mamba. You block the black mamba's attack.
You block the hell hound's attack. The hell hound barely misses you.
The black mamba closely misses you.
You slash the hell hound!
You kill the hell hound!
Okawaru accepts your kill.
You slash the black mamba!
You feel better.
You kill the black mamba!
Okawaru accepts your kill.
You hit the hell hound.
The hell hound bites you but does no damage.
You closely miss the hell hound.
The hell hound is moderately wounded.
You slash the molten gargoyle!
The hell hound bites you but does no damage.
The molten gargoyle misses you.
You hit the molten gargoyle but do no damage.
The molten gargoyle is heavily damaged.
You barely miss the lava snake. You slash the hell hound!
The hell hound bites you but does no damage.
The molten gargoyle blasts magma at you!
The bolt of magma hits you!! You block the lava snake's attack.
15268 ||| READING 8 scrolls of teleportation.
As you read the scroll of teleportation, it crumbles to dust.
You feel strangely unstable. The hell hound bites you.
The hell hound barely misses you.
A hell hound comes into view.
The hell hound breathes flames at you.
The blast of flame hits the molten gargoyle.
The molten gargoyle completely resists.
The blast of flame hits you!
You die...

..........
....######
...## ..## # ##
.## #.#8### .#
~~~~~#8## ##
~..~~~¤¤## #
....¤~S~~####
¤....h9@~¤¤~#
..¤...h%##~¤~~#
h~¤~~..#. ~##
~¤¤¤¤S# ..
~¤~¤¤~ ..#
###### ~.. ##..
...


You could see a molten gargoyle, 3 hell hounds and 2 lava snakes.

Vanquished Creatures
  3 hydras
  A boulder beetle (Lair:1)
  2 skysharks
  6 black mambas
  8 elephants
  4 cane toads
  3 rime drakes
  8 komodo dragons
  A polar bear (Lair:3)
  3 jumping spiders (Lair:3)
  10 blink frogs
  Sigmund (D:4)
  37 yaks
  2 wyverns
  A basilisk (Lair:5)
  A steam dragon (D:8)
  An acid dragon (D:8)
  11 water moccasins
  2 hell hounds (Lair:5)
  An ice beast (D:5)
  2 sky beasts
  2 black bears
  12 wolves
  A centaur (D:6)
  Blork the orc (D:5)
  A gnoll sergeant (D:6)
  4 kobold brigands
  A scorpion (D:7)
  8 bullfrogs
  8 wights
  5 electric eels
  4 jellies
  3 orc priests
  4 sleepcaps
  3 hounds
  Jessica (D:2)
  Terence (D:2)
  4 iguanas
  8 orc wizards
  10 adders
  2 river rats (Sewer)
  10 gnolls
  2 white imps
  A worm (D:4)
  A dart slug (D:1)
  34 orcs
  10 ball pythons
  7 endoplasms
  7 giant cockroaches
  5 goblins
  13 hobgoblins
  5 jackals
  18 kobolds
  2 quokkas
  7 bats
  10 rats
323 creatures vanquished.

Notes
Turn   | Place    | Note
-------+----------+-------------------------------------------
     0 | D:1      | qw the Gargoyle Fighter began the quest for the Orb.
     0 | D:1      | Reached XP level 1. HP: 14/14 MP: 1/1
     0 | D:1      | 0 ||| qw: Version: 0.2-a-103-g5a998e5
     0 | D:1      | 0 ||| qw: Game counter: 1129
     0 | D:1      | 0 ||| qw: Always use a shield: true
     0 | D:1      | 0 ||| qw: God list: Okawaru
     0 | D:1      | 0 ||| qw: Allow faded altars: false
     0 | D:1      | 0 ||| qw: Do Orc after D:15 true
     0 | D:1      | 0 ||| qw: Do second Lair branch before Depths: true
     0 | D:1      | 0 ||| qw: Lair rune preference: random
     0 | D:1      | 0 ||| qw: Plans: Normal, Zot:1-4, Slime:5, God:TSO, Crypt,
                  | Tomb, Pan, Hells, Abyss, Win
     0 | D:1      | 0 ||| PLANNING D:1-11
   138 | D:1      | Reached skill level 2 in Axes
   145 | D:1      | You fall into a shaft and drop 1 floor!
   167 | D:2      | Reached XP level 2. HP: 19/19 MP: 2/2
   197 | D:2      | 197 ||| Stepping ~*~*~tactically~*~*~ (stealth).
   198 | D:2      | 198 ||| Stepping ~*~*~tactically~*~*~ (stealth).
   256 | D:2      | Noticed Terence
   260 | D:2      | Reached skill level 3 in Axes
   266 | D:2      | HP: 4/19 [Terence/+0 mace (6)]
   275 | D:2      | HP: 3/19 [Terence/+0 mace (4)]
   276 | D:2      | Killed Terence
   277 | D:2      | Reached XP level 3. HP: 4/23 MP: 3/3
   347 | D:2      | 347 ||| Stepping ~*~*~tactically~*~*~ (stealth).
   349 | D:2      | 349 ||| Stepping ~*~*~tactically~*~*~ (stealth).
   364 | D:2      | 364 ||| DROPPING +0 club.
   434 | D:2      | 434 ||| Stepping ~*~*~tactically~*~*~ (stealth).
   446 | D:2      | Reached XP level 4. HP: 28/28 MP: 4/4
   527 | D:2      | 527 ||| UPGRADING to +0 chain mail.
   537 | D:2      | 537 ||| DROPPING +0 scale mail.
   538 | D:2      | 538 ||| UPGRADING to +0 pair of boots.
   543 | D:2      | 543 ||| READING scroll labelled QEIDECEEXA.
   544 | D:2      | 544 ||| READING scroll labelled AFESKE CUTRONWU.
   545 | D:2      | 545 ||| READING scroll labelled PUKLUW KIBER.
   550 | D:2      | 550 ||| FLEEEEING.
   551 | D:2      | 551 ||| STAIRDANCE
   589 | D:1      | Reached skill level 4 in Axes
   964 | D:1      | Found a faded altar of an unknown god.
  1355 | D:1      | 1355 ||| UPGRADING to ring of see invisible.
  1356 | D:1      | 1356 ||| READING scroll labelled JUITHR BEN RUF.
  1357 | D:1      | 1357 ||| DRINKING 2 fizzy dark potions.
  1357 | D:1      | Gained mutation: You sometimes lose your temper in combat.
                  | [potion of mutation]
  1357 | D:1      | Gained mutation: You are clumsy. (Dex -2) [potion of
                  | mutation]
  1357 | D:1      | Gained mutation: Your muscles are strong. (Str +4, Int/Dex
                  | -1) [potion of mutation]
  1357 | D:1      | Gained mutation: You are robust. (+10% HP) [potion of
                  | mutation]
  1362 | D:1      | 1362 ||| DRINKING potion of mutation.
  1362 | D:1      | Lost mutation: You are clumsy. (Dex -2) [potion of
                  | mutation]
  1362 | D:1      | Lost mutation: Your muscles are strong. (Str +4, Int/Dex
                  | -1) [potion of mutation]
  1362 | D:1      | Lost mutation: You are robust. (+10% HP) [potion of
                  | mutation]
  1362 | D:1      | Gained mutation: Potions are less effective at restoring
                  | your health. [potion of mutation]
  1362 | D:1      | Gained mutation: Potions cannot restore your health.
                  | [potion of mutation]
  1440 | D:2      | Noticed Jessica
  1448 | D:2      | Killed Jessica
  1449 | D:2      | Reached XP level 5. HP: 27/32 MP: 5/5
  1489 | D:2      | 1489 ||| Stepping ~*~*~tactically~*~*~ (stealth).
  1491 | D:2      | 1491 ||| Stepping ~*~*~tactically~*~*~ (hiding).
  1493 | D:2      | 1493 ||| Stepping ~*~*~tactically~*~*~ (hiding).
  1573 | D:2      | 1573 ||| Stepping ~*~*~tactically~*~*~ (stealth).
  2132 | D:2      | 2132 ||| UPGRADING to ring of positive energy.
  2258 | D:3      | 2258 ||| Stepping ~*~*~tactically~*~*~ (hiding).
  2276 | D:3      | Reached skill level 5 in Axes
  2948 | D:3      | Found a sacrificial altar of Ru.
  2995 | D:3      | 2995 ||| Stepping ~*~*~tactically~*~*~ (stealth).
  2996 | D:3      | 2996 ||| Stepping ~*~*~tactically~*~*~ (stealth).
  3015 | D:3      | 3015 ||| DROPPING orb of energy.
  3016 | D:3      | 3016 ||| DRINKING 2 fuming green potions.
  3017 | D:3      | 3017 ||| READING 3 scrolls of identify.
  3017 | D:3      | 3017 ||| IDENTIFYING amethyst potion
  3018 | D:3      | 3018 ||| READING 2 scrolls of identify.
  3018 | D:3      | 3018 ||| IDENTIFYING clear potion
  3019 | D:3      | 3019 ||| DROPPING potion of brilliance.
  3026 | D:4      | Found a glowing drain.
  3027 | D:4      | 3027 ||| PLANNING SEWER
  3027 | D:4      | 3027 ||| STAIRDANCE
  3058 | Sewer    | Entered a sewer
  3138 | Sewer    | Reached XP level 6. HP: 38/38 MP: 6/6
  3146 | Sewer    | 3146 ||| Stepping ~*~*~tactically~*~*~ (water).
  3169 | Sewer    | HP: 5/38 [kobold brigand/+0 whip (8)]
  3314 | Sewer    | Found a white marble altar of Elyvilon.
  3356 | D:4      | 3356 ||| PLANNING D:1-11
  3389 | D:4      | Reached skill level 6 in Axes
  3471 | D:4      | Reached skill level 1 in Dodging
  3705 | D:4      | 3705 ||| Stepping ~*~*~tactically~*~*~ (hiding).
  3843 | D:4      | Reached XP level 7. HP: 23/43 MP: 7/7
  3941 | D:4      | Noticed Sigmund
  3942 | D:4      | 3942 ||| Stepping ~*~*~tactically~*~*~ (hiding).
  3956 | D:4      | Killed Sigmund
  4101 | D:4      | Found a broken altar of Ashenzari.
  4102 | D:4      | Found a glowing golden altar of the Shining One.
  4462 | D:4      | 4462 ||| READING scroll labelled TAXTENOUMEA.
  4463 | D:4      | 4463 ||| READING 2 scrolls of identify.
  4463 | D:4      | 4463 ||| IDENTIFYING lumpy white potion
  4484 | D:5      | Entered Level 5 of the Dungeon
  4529 | D:5      | Noticed a yak
  4529 | D:5      | Noticed a yak
  4529 | D:5      | Noticed a yak
  4536 | D:5      | Killed a yak
  4537 | D:5      | Reached skill level 7 in Axes
  4540 | D:5      | Killed a yak
  4541 | D:5      | Reached XP level 8. HP: 49/49 MP: 8/8
  4546 | D:5      | Killed a yak
  4547 | D:5      | Reached skill level 8 in Axes
  4683 | D:5      | Found a staircase to the Ecumenical Temple.
  4684 | D:5      | 4684 ||| PLANNING TEMPLE
  4693 | Temple   | Entered the Ecumenical Temple
  4694 | Temple   | 4694 ||| PLANNING OKAWARU WORSHIP
  4746 | Temple   | Became a worshipper of Warmaster Okawaru
  4746 | Temple   | 4746 ||| PLANNING D:1-11
  4764 | D:5      | Found Udajipt's Antique Armour Shoppe.
  4773 | D:5      | 4773 ||| BUYING pair of gloves (126 gold).
  4773 | D:5      | Bought a pair of gloves for 126 gold pieces
  4773 | D:5      | 4773 ||| SHOPLISTING polished scale mail (252 gold, have
                  | 170).
  4773 | D:5      | 4773 ||| SHOPLISTING runed ring mail (196 gold, have 170).
  4830 | D:5      | Identified the +12 spear of the Wizarding Owl {heavy, rC+
                  | rN+ Dex-5 SInv}
  4931 | D:5      | 4931 ||| DROPPING +0 mace.
  4983 | D:5      | Reached skill level 6 in Fighting
  5012 | D:5      | Found a shadowy altar of Dithmenos.
  5013 | D:5      | Found a blossoming altar of Fedhas.
  5014 | D:5      | Found a shimmering blue altar of Sif Muna.
  5014 | D:5      | Found a glowing silver altar of Zin.
  5263 | D:5      | Noticed Blork the orc
  5273 | D:5      | Killed Blork the orc
  5335 | D:5      | Found an iron altar of Okawaru.
  5390 | D:5      | Found an ornate altar of the Wu Jian Council.
  5390 | D:5      | Found a shimmering altar of Xom.
  5392 | D:5      | Found an opulent altar of Gozag.
  5392 | D:5      | Found a radiant altar of Vehumet.
  5392 | D:5      | Found a stormy altar of Qazlal.
  5471 | D:5      | Reached * piety under Okawaru
  5657 | D:5      | 5657 ||| UPGRADING to +0 pair of gloves.
  5662 | D:5      | 5662 ||| READING scroll labelled QOIC SUFIPYTZ.
  5663 | D:5      | 5663 ||| READING scroll labelled POENIT KOATOUCS.
  5682 | D:6      | 5682 ||| INVOKING Heroism.
  5693 | D:6      | Reached skill level 1 in Invocations
  5709 | D:6      | 5709 ||| STAIRDANCE
  5881 | D:6      | Identified the +6 quarterstaff of Unreason {flame, Drain
                  | rF+ rC+++ Dex+3}
  5911 | D:6      | Reached XP level 9. HP: 50/55 MP: 10/10
  5949 | D:6      | 5949 ||| Stepping ~*~*~tactically~*~*~ (hiding).
  5966 | D:6      | Reached skill level 9 in Axes
  5985 | D:6      | 5985 ||| INVOKING Heroism.
  6003 | D:6      | 6003 ||| INVOKING Heroism.
  6248 | D:6      | 6248 ||| Stepping ~*~*~tactically~*~*~ (stealth).
  6273 | D:6      | 6273 ||| INVOKING Heroism.
  6278 | D:6      | Found a runed translucent door.
  6285 | D:6      | Reached skill level 3 in Invocations
  6291 | D:6      | 6291 ||| INVOKING Heroism.
  6438 | D:6      | Noticed qw's ghost (novice GrFi)
  6834 | D:6      | 6834 ||| UPGRADING to +0 kite shield.
  6844 | D:6      | 6844 ||| DROPPING +0 buckler.
  6845 | D:6      | 6845 ||| UPGRADING to ring of protection from fire.
  6847 | D:6      | 6847 ||| READING scroll labelled METUG JAUWIH.
  6848 | D:6      | 6848 ||| READING scroll labelled LIXTENK ATOX.
  6849 | D:6      | 6849 ||| READING scroll labelled CEQIUS REULL.
  6850 | D:6      | 6850 ||| DRINKING 2 glowing cyan potions.
  6851 | D:6      | 6851 ||| READING 2 scrolls of identify.
  6851 | D:6      | 6851 ||| IDENTIFYING bubbling clear potion
  6852 | D:6      | 6852 ||| DROPPING potion of invisibility.
  6853 | D:6      | 6853 ||| DROPPING potion of degeneration.
  6906 | D:7      | 6906 ||| INVOKING Heroism.
  7049 | D:7      | 7049 ||| Stepping ~*~*~tactically~*~*~ (hiding).
  7079 | D:7      | 7079 ||| Stepping ~*~*~tactically~*~*~ (stealth).
  7084 | D:7      | 7084 ||| Stepping ~*~*~tactically~*~*~ (hiding).
  7113 | D:7      | 7113 ||| DROPPING +0 flail.
  7221 | D:7      | 7221 ||| Stepping ~*~*~tactically~*~*~ (stealth).
  7273 | D:7      | 7273 ||| Stepping ~*~*~tactically~*~*~ (stealth).
  7300 | D:7      | 7300 ||| INVOKING Heroism.
  7301 | D:7      | 7301 ||| Stepping ~*~*~tactically~*~*~ (hiding).
  7311 | D:7      | 7311 ||| DRINKING 5 potions of curing.
  7311 | D:7      | 7311 ||| (to cure confusion)
  7327 | D:7      | 7327 ||| Stepping ~*~*~tactically~*~*~ (stealth).
  7358 | D:7      | 7358 ||| DROPPING +1 flail of holy wrath.
  7474 | D:7      | Found an ornate altar of the Wu Jian Council.
  7510 | D:7      | Reached skill level 6 in Shields
  8212 | D:7      | 8212 ||| READING 4 scrolls of identify.
  8212 | D:7      | 8212 ||| IDENTIFYING murky grey potion
  8213 | D:7      | 8213 ||| DROPPING potion of ambrosia.
  8276 | D:8      | 8276 ||| Stepping ~*~*~tactically~*~*~ (stealth).
  8278 | D:8      | 8278 ||| Stepping ~*~*~tactically~*~*~ (hiding).
  8280 | D:8      | 8280 ||| Stepping ~*~*~tactically~*~*~ (hiding).
  8281 | D:8      | 8281 ||| Stepping ~*~*~tactically~*~*~ (hiding).
  8282 | D:8      | 8282 ||| Stepping ~*~*~tactically~*~*~ (hiding).
  8298 | D:8      | 8298 ||| Stepping ~*~*~tactically~*~*~ (hiding).
  8301 | D:8      | 8301 ||| Stepping ~*~*~tactically~*~*~ (hiding).
  8312 | D:8      | 8312 ||| INVOKING Heroism.
  8437 | D:8      | Found a staircase to the Lair.
  8485 | D:8      | 8485 ||| Stepping ~*~*~tactically~*~*~ (hiding).
  8487 | D:8      | 8487 ||| Stepping ~*~*~tactically~*~*~ (hiding).
  8488 | D:8      | 8488 ||| INVOKING Heroism.
  8558 | D:8      | 8558 ||| Stepping ~*~*~tactically~*~*~ (stealth).
  8577 | D:8      | Found Reobofas's General Store.
  8582 | D:8      | 8582 ||| BUYING scroll of teleportation (36 gold).
  8582 | D:8      | Bought a scroll of teleportation for 36 gold pieces
  8594 | D:8      | 8594 ||| Stepping ~*~*~tactically~*~*~ (stealth).
  8597 | D:8      | 8597 ||| Stepping ~*~*~tactically~*~*~ (hiding).
  8599 | D:8      | 8599 ||| INVOKING Heroism.
  8661 | D:8      | 8661 ||| Stepping ~*~*~tactically~*~*~ (hiding).
  8664 | D:8      | 8664 ||| Stepping ~*~*~tactically~*~*~ (hiding).
  8670 | D:8      | 8670 ||| DRINKING 4 potions of curing.
  8670 | D:8      | 8670 ||| (to cure confusion)
  8840 | D:8      | Reached XP level 10. HP: 61/61 MP: 13/13
  8939 | D:8      | 8939 ||| INVOKING Heroism.
  8955 | D:8      | 8955 ||| INVOKING Heroism.
  9004 | D:8      | 9004 ||| UPGRADING to +5 ring of evasion.
  9006 | D:8      | 9006 ||| UPGRADING to ring of see invisible.
  9170 | D:8      | 9170 ||| DROPPING ring of see invisible.
  9191 | D:8      | Found Puenluenuda's Jewellery Boutique.
  9200 | D:8      | 9200 ||| SHOPLISTING ring of ice (375 gold, have 271).
  9200 | D:8      | 9200 ||| SHOPLISTING ring of resist corrosion (300 gold,
                  | have 271).
  9200 | D:8      | 9200 ||| SHOPLISTING ring of willpower (375 gold, have
                  | 271).
  9282 | D:8      | 9282 ||| UPGRADING to amulet of faith.
  9291 | D:8      | Found Plog's Book Shoppe.
  9296 | D:7      | 9296 ||| PLANNING LAIR
  9322 | Lair:1   | Entered Level 1 of the Lair of Beasts
  9338 | Lair:1   | Noticed a black mamba
  9339 | Lair:1   | 9339 ||| INVOKING Heroism.
  9351 | Lair:1   | Killed a black mamba
  9369 | Lair:1   | Noticed Kuidesed's ghost (journeyman DrCj)
  9396 | Lair:1   | 9396 ||| Stepping ~*~*~tactically~*~*~ (stealth).
  9398 | Lair:1   | 9398 ||| Stepping ~*~*~tactically~*~*~ (hiding).
  9399 | Lair:1   | 9399 ||| Stepping ~*~*~tactically~*~*~ (stealth).
  9400 | Lair:1   | 9400 ||| INVOKING Heroism.
  9410 | Lair:1   | Reached skill level 9 in Shields
  9447 | Lair:1   | Found a runed translucent gate.
  9447 | Lair:1   | Found a runed translucent gate.
  9447 | Lair:1   | Found a runed translucent gate.
  9603 | Lair:1   | 9603 ||| READING scroll of enchant armour.
  9603 | Lair:1   | 9603 ||| ENCHANTING +0 pair of gloves.
  9668 | Lair:1   | 9668 ||| Stepping ~*~*~tactically~*~*~ (stealth).
  9669 | Lair:1   | 9669 ||| Stepping ~*~*~tactically~*~*~ (stealth).
  9839 | Lair:1   | Reached skill level 10 in Axes
 10000 | Lair:1   | Found a hide-covered altar of Uskayaw.
 10000 | Lair:1   | Found an ornate altar of the Wu Jian Council.
 10000 | Lair:1   | Noticed a boulder beetle
 10001 | Lair:1   | 10001 ||| INVOKING Heroism.
 10033 | Lair:1   | 10033 ||| INVOKING Heroism.
 10063 | Lair:1   | Killed a boulder beetle
 10063 | Lair:1   | Reached ** piety under Okawaru
 10332 | Lair:1   | Noticed an elephant
 10333 | Lair:1   | 10333 ||| Stepping ~*~*~tactically~*~*~ (stealth).
 10339 | Lair:1   | Noticed an elephant
 10340 | Lair:1   | Noticed an elephant
 10342 | Lair:1   | Noticed an elephant
 10349 | Lair:1   | Killed an elephant
 10355 | Lair:1   | 10355 ||| INVOKING Heroism.
 10359 | Lair:1   | Killed an elephant
 10359 | Lair:1   | Reached *** piety under Okawaru
 10360 | Lair:1   | Reached XP level 11. HP: 44/68 MP: 11/14
 10363 | Lair:1   | Reached skill level 11 in Axes
 10634 | Lair:2   | 10634 ||| INVOKING Heroism.
 10653 | Lair:2   | Reached skill level 6 in Armour
 10713 | Lair:2   | 10713 ||| INVOKING Heroism.
 10926 | Lair:2   | Reached **** piety under Okawaru
 10953 | Lair:2   | 10953 ||| INVOKING Heroism.
 10977 | Lair:2   | 10977 ||| INVOKING Heroism.
 11006 | Lair:2   | 11006 ||| Stepping ~*~*~tactically~*~*~ (stealth).
 11025 | Lair:2   | 11025 ||| Stepping ~*~*~tactically~*~*~ (stealth).
 11026 | Lair:2   | 11026 ||| Stepping ~*~*~tactically~*~*~ (stealth).
 11056 | Lair:2   | 11056 ||| Stepping ~*~*~tactically~*~*~ (stealth).
 11061 | Lair:2   | 11061 ||| Stepping ~*~*~tactically~*~*~ (stealth).
 11063 | Lair:2   | 11063 ||| Stepping ~*~*~tactically~*~*~ (stealth).
 11138 | Lair:2   | 11138 ||| INVOKING Heroism.
 11153 | Lair:2   | 11153 ||| Stepping ~*~*~tactically~*~*~ (stealth).
 11156 | Lair:2   | 11156 ||| Stepping ~*~*~tactically~*~*~ (stealth).
 11172 | Lair:2   | 11172 ||| INVOKING Heroism.
 11302 | Lair:2   | 11302 ||| INVOKING Heroism.
 11314 | Lair:2   | Reached skill level 9 in Fighting
 11404 | Lair:2   | 11404 ||| INVOKING Heroism.
 11438 | Lair:2   | 11438 ||| Stepping ~*~*~tactically~*~*~ (stealth).
 11607 | Lair:2   | Noticed a skyshark
 11621 | Lair:2   | Killed a skyshark
 11719 | Lair:2   | 11719 ||| Stepping ~*~*~tactically~*~*~ (stealth).
 11740 | Lair:2   | 11740 ||| Stepping ~*~*~tactically~*~*~ (stealth).
 11751 | Lair:2   | Reached skill level 6 in Invocations
 11829 | Lair:2   | Noticed a seven-headed hydra
 11830 | Lair:2   | 11830 ||| INVOKING Heroism.
 11836 | Lair:2   | 11836 ||| SWAPPING to +0 morningstar.
 11845 | Lair:2   | Killed a seven-headed hydra
 11846 | Lair:2   | 11846 ||| SWAPPING to +0 war axe of protection.
 12191 | Lair:2   | 12191 ||| READING 2 scrolls labelled LIEPRINAAFI.
 12192 | Lair:2   | 12192 ||| DROPPING scroll of amnesia.
 12211 | Lair:3   | 12211 ||| INVOKING Heroism.
 12221 | Lair:3   | Reached XP level 12. HP: 67/76 MP: 14/17
 12242 | Lair:3   | 12242 ||| STAIRDANCE
 12336 | Lair:3   | 12336 ||| Stepping ~*~*~tactically~*~*~ (water).
 12343 | Lair:3   | Reached ***** piety under Okawaru
 12349 | Lair:3   | 12349 ||| Stepping ~*~*~tactically~*~*~ (water).
 12352 | Lair:3   | 12352 ||| INVOKING Heroism.
 12364 | Lair:3   | Reached skill level 12 in Axes
 12467 | Lair:3   | 12467 ||| INVOKING Heroism.
 12511 | Lair:3   | 12511 ||| INVOKING Heroism.
 12758 | Lair:3   | Identified the scarf of the Monkey's Uncle {+Inv, rC+ Will+
                  | Dex+5 Slay+2} (Okawaru gifted it to you on level 3 of the
                  | Lair of Beasts)
 12758 | Lair:3   | Received a gift from Okawaru
 12765 | Lair:3   | 12765 ||| INVOKING Heroism.
 12770 | Lair:3   | Reached skill level 9 in Invocations
 13052 | Lair:3   | 13052 ||| INVOKING Heroism.
 13149 | Lair:3   | 13149 ||| INVOKING Heroism.
 13295 | Lair:3   | Found a staircase to the Swamp.
 13311 | Lair:3   | 13311 ||| INVOKING Heroism.
 13386 | Lair:3   | 13386 ||| FLEEEEING.
 13387 | Lair:3   | 13387 ||| FLEEEEING.
 13388 | Lair:3   | 13388 ||| FLEEEEING.
 13396 | Lair:3   | 13396 ||| STAIRDANCE
 13418 | Lair:2   | 13418 ||| UPGRADING to scarf of the Monkey's Uncle {+Inv,
                  | rC+ Will+ Dex+5 Slay+2}.
 13423 | Lair:2   | 13423 ||| READING 3 scrolls of identify.
 13423 | Lair:2   | 13423 ||| IDENTIFYING sedimented inky potion
 13424 | Lair:2   | 13424 ||| DROPPING potion of berserk rage.
 13486 | Lair:3   | Found a hole to the Spider Nest.
 13709 | Lair:4   | 13709 ||| INVOKING Heroism.
 13749 | Lair:4   | 13749 ||| Stepping ~*~*~tactically~*~*~ (stealth).
 13753 | Lair:4   | 13753 ||| Stepping ~*~*~tactically~*~*~ (stealth).
 13761 | Lair:4   | Reached skill level 3 in Dodging
 13883 | Lair:4   | 13883 ||| READING scroll of enchant armour.
 13883 | Lair:4   | 13883 ||| ENCHANTING +1 pair of gloves.
 13954 | Lair:4   | Noticed a six-headed hydra
 13957 | Lair:4   | Reached skill level 1 in Throwing
 13966 | Lair:4   | 13966 ||| INVOKING Heroism.
 13967 | Lair:4   | 13967 ||| SWAPPING to +0 morningstar.
 13968 | Lair:4   | 13968 ||| INVOKING Finesse.
 13973 | Lair:4   | Reached XP level 13. HP: 61/82 MP: 13/20
 13979 | Lair:4   | 13979 ||| SWAPPING to +0 war axe of protection.
 14363 | Lair:4   | 14363 ||| INVOKING Heroism.
 14907 | Lair:4   | 14907 ||| UPGRADING to +0 plate armour.
 14917 | Lair:4   | 14917 ||| DROPPING +0 chain mail.
 14918 | Lair:4   | 14918 ||| DROPPING ring of positive energy.
 14919 | Lair:4   | 14919 ||| READING scroll labelled JAZOUVV RAJUAR.
 14919 | Lair:4   | Identified a scroll of acquirement
 14919 | Lair:4   | 14919 ||| ACQUIRING +8 war axe "Tioxkad" {vamp, *Slow rElec
                  | Int+2 Stlth+}
 14919 | Lair:4   | Acquired the +8 war axe "Tioxkad" {vamp, *Slow rElec Int+2
                  | Stlth+}
 14921 | Lair:4   | 14921 ||| SWAPPING to +8 war axe "Tioxkad" {vamp, *Slow
                  | rElec Int+2 Stlth+}.
 14922 | Lair:4   | 14922 ||| DROPPING +0 war axe of protection.
 14942 | Lair:5   | Entered Level 5 of the Lair of Beasts
 14942 | Lair:5   | Found a white marble altar of Elyvilon.
 14943 | Lair:5   | 14943 ||| INVOKING Heroism.
 14945 | Lair:5   | 14945 ||| SWAPPING to +0 morningstar.
 14956 | Lair:5   | 14956 ||| STAIRDANCE
 15100 | Lair:4   | 15100 ||| SWAPPING to +8 war axe "Tioxkad" {vamp, *Slow
                  | rElec Int+2 Stlth+}.
 15104 | Lair:5   | 15104 ||| INVOKING Heroism.
 15263 | Lair:5   | 15263 ||| INVOKING Heroism.
 15267 | Lair:5   | HP: 7/82 [molten gargoyle/bolt of magma (31)]
 15268 | Lair:5   | 15268 ||| READING 8 scrolls of teleportation.
 15268 | Lair:5   | HP: 1/82 [hell hound (6)]
 15268 | Lair:5   | Killed from afar by a hell hound

Levels and vault maps discovered:
D:1:      dpeg_arrival_rhombus, layout_basic, serial_curves, eino_curves_04,
          eino_curves_02, ebering_ecumenical_altar_hall,
          amcnicky_mini_pool_small
D:2:      layout_loops_ring, guppyfry_early_orc_mine, uniq_jessica, uniq_terence
D:3:      layout_loops_ring, nicolae_ru_the_path_less_chosen
D:4:      layout_cave_pods, nicolae_overflow_squiral, gup_sewer_entry_glass,
          uniq_sigmund
D:5:      layout_basic, doesnt_xom_only_xom, mainiacjoe_overflow_alcove_3,
          minmay_temple_entry_stoned_glass, serial_shops,
          nicolae_shop_advertising_works [nicolae_subvault_shop_adworks],
          uniq_blork_the_orc
D:6:      layout_loops_ring, ebering_ghost_reflecting_pool
D:7:      layout_basic, nicolae_overflow_hidden_temple
D:8:      layout_gridville, lair_entry_dummy, serial_shops,
          nicolae_book_shop_shelving, shop, shop, kennysheep_generic_room_4
Temple:   cyrus_circular_temple
Lair:1:   layout_roguey, gammafunk_ghost_icy, nzn_masters_of_martial_movement
Lair:2:   layout_regular_city, nicolae_volcano_entry_hallway,
          chequers_serial_rivers_micro_c, serial_bayou_shore_a,
          grunt_megastairs_1, infiniplex_staircase_pool_2, lemuel_fruit_fields,
          serial_bayou_shore_b
Lair:3:   layout_gridlike, swamp_mist, spider_nest_entry_a
Lair:4:   layout_small_grid
Lair:5:   cheibrodos_lair_end_hotspot, layout_small_grid, slime_entry_1,
          basic_altar

Skill      XL: |  1  2  3  4  5  6  7  8  9 10 11 12 |
---------------+-------------------------------------+-----
Axes           | 2 3 4 5 6 7 8 9 10 11 12 | 12.8
Fighting       | 4 5 6 8 9 10 | 10.0
Dodging        | 1 2 3 |  3.1
Armour         | 4 5 6 7 |  7.9
Invocations    | 2 4 6 10 | 10.0
Shields        | 8 9 10 | 10.8
Throwing       | 1 |  1.2

Action                     |  1- 3 |  4- 6 |  7- 9 | 10-12 | 13-15 || total
---------------------------+-------+-------+-------+-------+-------++-------
  Melee: War axe           |    80 |   247 |   370 |   619 |    56 ||  1372
         Morningstar       |       |       |       |    13 |    18 ||    31
  Throw: Boomerang         |       |       |       |     3 |     9 ||    12
 Invoke: Heroism           |       |       |    10 |    26 |     4 ||    40
         Finesse           |       |       |       |     1 |       ||     1
    Use: Scroll            |       |     6 |     9 |     4 |     2 ||    21
         Potion            |       |     3 |     3 |       |       ||     6
 Armour: Scale mail        |    48 |     6 |       |       |       ||    54
         Chain mail        |       |   156 |   178 |   324 |    20 ||   678
         Plate armour      |       |       |       |       |    32 ||    32
  Dodge: Dodged            |    45 |    92 |    93 |   324 |    51 ||   605
  Block: Buckler           |    14 |    37 |    41 |       |       ||    92
         Kite shield       |       |       |    41 |   377 |    64 ||   482

Table legend:
 A = Non-vault XP
 B = Vault XP
 C = Vault XP percentage of total XP
 D = Non-vault monster count
 E = Vault monster count
 F = Vault count percentage of total count
                 A         B        C        D         E       F
            +---------+---------+-------+---------+---------+-------
      Total |   32805 |    4925 |  13.1 |     282 |      41 |  12.7
            +---------+---------+-------+---------+---------+-------
        D:1 |      47 |       0 |   0.0 |      22 |       0 |   0.0
        D:2 |      74 |      90 |  54.9 |      23 |       9 |  28.1
        D:3 |      57 |       0 |   0.0 |      15 |       0 |   0.0
        D:4 |     159 |     231 |  59.2 |      16 |       4 |  20.0
        D:5 |    1024 |      90 |   8.1 |      25 |       1 |   3.8
        D:6 |    1175 |       0 |   0.0 |      24 |       0 |   0.0
        D:7 |     810 |       0 |   0.0 |      27 |       0 |   0.0
        D:8 |    1066 |      10 |   0.9 |      24 |       1 |   4.0
     Lair:1 |    4572 |     829 |  15.3 |      16 |       1 |   5.9
     Lair:2 |    5056 |    2053 |  28.9 |      19 |       8 |  29.6
     Lair:3 |   10485 |     698 |   6.2 |      45 |       3 |   6.2
     Lair:4 |    7684 |       0 |   0.0 |      24 |       0 |   0.0
     Lair:5 |     596 |     694 |  53.8 |       2 |       3 |  60.0
      Sewer |       0 |     230 | 100.0 |       0 |      11 | 100.0
            +---------+---------+-------+---------+---------+-------
